 Dungeon Crawl Stone Soup version 0.29.1-2-gbd0b4ee654 (webtiles) character file.

Game seed: 16717291265268206598

194 GorkyZ the Shield-Bearer (level 6, -4/48 HPs)
             Began as a Formicid Fighter on Nov 19, 2022.
             Slain by a gnoll
             ... wielding a +2 halberd of venom
              (9 damage)
             ... on level 3 of the Dungeon.
             The game lasted 00:06:47 (3308 turns).

GorkyZ the Shield-Bearer (Formicid Fighter)         Turns: 3308, Time: 00:06:47

Health: -4/48      AC:  9    Str: 22    XL:     6   Next: 3%
Magic:  6/6        EV:  9    Int:  8    God:
Gold:   216        SH:  5    Dex: 13    Spells: 5/5 levels left

rFire   . . .      SeeInvis +   a - +0 war axe
rCold   . . .      Faith    .   c - +0 buckler
rNeg    . . .      Spirit   .   b - +0 scale mail
rPois   .          Reflect  .   (helmet unavailable)
rElec   .          Harm     .   (no cloak)
rCorr   .          Rampage  .   h - +1 pair of gloves
Will    .....                   (no boots)
Stlth   ..........              (no amulet)
HPRegen 0.16/turn               (no ring)
MPRegen 0.10/turn               (no ring)

@: lethally poisoned (-4 -> -19)
A: permanent stasis, dig shafts and tunnels, antennae 3, four strong arms
a: Dig, Shaft Self


You were on level 3 of the Dungeon.
You visited 1 branch of the dungeon, and saw 3 of its levels.

You collected 216 gold pieces.

Inventory:

Hand Weapons
 a - a +0 war axe (weapon)
Missiles
 l - 3 poisoned darts
Armour
 b - a +0 scale mail (worn)
 c - a +0 buckler (worn)
 h - a +1 pair of gloves (worn)
Scrolls
 e - 3 scrolls of identify {unknown}
 f - a scroll of butterflies {unknown}
 g - a scroll of enchant weapon {unknown}
 k - a scroll of brand weapon {unknown}
Potions
 d - a potion of might
 i - 4 potions of curing {unknown}
 j - a potion of lignification {unknown}
 m - a potion of flight {unknown}
 n - a potion of attraction {unknown}


   Skills:
 + Level 4.3 Fighting
 + Level 3.1 Axes
 + Level 1.4 Throwing
 + Level 4.3 Armour
 + Level 5.2 Shields


You had 5 spell levels left.
You didn't know any spells.
Your spell library was empty.

Dungeon Overview and Level Annotations

Branches:
Dungeon (3/15)

Altars:
Kikubaaqudgha
Nemelex Xobeh
Zin

Shops:
D:1 !


Innate Abilities, Weirdness & Mutations

You cannot be hasted, slowed, berserked, paralysed or teleported.
You can dig through walls and to a lower floor.
You have a pair of large antennae on your head. (SInv)
Your four strong arms can wield two-handed weapons with a shield.


Message History

You are too injured to fight recklessly!
You are too injured to fight recklessly!
You slash the gnoll!
The gnoll is almost dead.
The gnoll barely misses you.
You closely miss the gnoll.
The gnoll is almost dead.
The gnoll barely misses you. You block the gnoll's attack.
You hit the gnoll but do no damage.
The gnoll is almost dead.
The gnoll barely misses you.
You slash the gnoll!
You kill the gnoll!
You have reached level 6!
You hit the dart slug.
The dart slug is lightly wounded.
The gnoll hits you but does no damage.
You are poisoned.
The dart slug closely misses you.
You slash the dart slug!
You kill the dart slug!
You feel sick.
The gnoll throws a throwing net.
The throwing net hits you.
You become entangled in the net!
You struggle against the net.
You feel sick.
The gnoll hits you from afar with a +2 halberd of venom.
You are lethally poisoned!
You struggle against the net.
* * * LOW HITPOINT WARNING * * *
You feel very sick. The gnoll barely misses you.
You struggle against the net.
* * * LOW HITPOINT WARNING * * *
You feel very sick. The gnoll hits you but does no damage.
You are more poisoned.
You rip the net and break free!
* * * LOW HITPOINT WARNING * * *
You feel very sick.
The gnoll hits you from afar with a +2 halberd of venom!
You die...

♣♣♣♣....♣♣
♣♣♣.....♣♣♣
♣....♣♣♣♣ ♣♣
♣♣..♣♣♣ ♣.
♣..♣♣ .
♣♣..♣♣♣♣ .♣
♣♣....♣ ♣g♣
♣ ♣...♣♣♣
♣♣)♣ ♣♣♣...♣
♣@♣♣ {
.....♣♣
♣♣..♣ ♣♣♣♣♣♣
♣♣♣..♣♣
♣...♣♣ ♣.♣♣♣
##.#########
#######
#..........#
......#
#.########.#
####.## ###
#.#


You could see a gnoll.

Vanquished Creatures
  A scorpion (D:2)
  An iguana (D:3)
  2 gnolls (D:3)
  An adder (D:3)
  A worm (D:2)
  3 dart slugs
  4 orcs (D:3)
  2 ball pythons (D:3)
  3 bats
  6 endoplasms
  2 giant cockroaches (D:1)
  4 goblins
  5 hobgoblins
  10 jackals
  8 kobolds
  3 quokkas
  4 frilled lizards
  7 rats
67 creatures vanquished.

Notes
Turn   | Place    | Note
-------+----------+-------------------------------------------
     0 | D:1      | GorkyZ the Formicid Fighter began the quest for the Orb.
     0 | D:1      | Reached XP level 1. HP: 18/18 MP: 1/1
     3 | D:1      | You fall into a shaft and drop 1 floor!
   128 | D:1      | Reached XP level 2. HP: 17/24 MP: 2/2
   542 | D:1      | Reached XP level 3. HP: 29/29 MP: 3/3
   744 | D:1      | Found Kasaiggy's Distillery.
   953 | D:1      | Found a faded altar of an unknown god.
  1686 | D:2      | Reached XP level 4. HP: 37/37 MP: 4/4
  1799 | D:2      | Noticed a scorpion
  1810 | D:2      | Killed a scorpion
  1811 | D:2      | Reached XP level 5. HP: 17/42 MP: 5/5
  2231 | D:3      | Reached skill level 1 in Throwing
  2310 | D:3      | Reached skill level 5 in Shields
  2530 | D:3      | Found an ancient bone altar of Kikubaaqudgha.
  2609 | D:3      | Found a faded altar of an unknown god.
  2613 | D:3      | Found a glowing silver altar of Zin.
  2984 | D:3      | Found a sparkling altar of Nemelex Xobeh.
  3303 | D:3      | Reached XP level 6. HP: 23/48 MP: 6/6
  3308 | D:3      | Slain by a gnoll

Illustrated notes

Levels and vault maps discovered:
D:1:      dpeg_arrival_houses_and_road, layout_basic, serial_shops,
          nicolae_shop_behind_doors, shapermc_ecumenical_altar_hornbeckon,
          minmay_misc_feat_chi, minmay_misc_feat_diagonals
D:2:      layout_basic
D:3:      kb_forest_paths, layout_basic, nicolae_overflow_ecumenical_swirl,
          mainiacjoe_overflow_six_doors_small, amcnicky_altar_gilded,
          minmay_ruptured

Skill      XL: |  1  2  3  4  5 |
---------------+----------------+-----
Fighting       | 4 |  4.3
Armour         | 4 |  4.3
Throwing       | 1 |  1.4
Shields        | 5 |  5.2
Axes           | 3 |  3.1

Action                   |  1- 3 |  4- 6 || total
-------------------------+-------+-------++-------
Melee: War axe           |    91 |   105 ||   196
 Abil: Shaft Self        |     1 |       ||     1
       Dig               |       |     1 ||     1
Armor: Scale mail        |    40 |    54 ||    94
Dodge: Dodged            |    45 |    54 ||    99
Block: Buckler           |    20 |    33 ||    53
